 Dungeon Crawl Stone Soup version 0.30-a0-364-gf6b3ef1049 (webtiles) character file.

Game seed: 6651045158360696241

106 porpoise the Sneak (level 4, 0/29 HPs)
             Began as a Gargoyle Delver on Nov 16, 2022.
             Was an Initiate of Okawaru.
             Slain by Robin
             ... wielding a +0 vorpal falchion
              (1 damage)
             ... on level 1 of the Dungeon.
             The game lasted 00:12:34 (2000 turns).

porpoise the Sneak (Gargoyle Delver)                Turns: 2000, Time: 00:12:34

Health: 0/29       AC:  9    Str: 16    XL:     4   Next: 84%
Magic:  4/4        EV: 10    Int: 15    God:    Okawaru [......]
Gold:   156        SH:  0    Dex: 12    Spells: 3/3 levels left

rFire   . . .      SeeInvis .    a - +0 mace
rCold   . . .      Faith    .    (no shield)
rNeg    + . .      Spirit   .    p - +0 ring mail
rPois   ∞          Reflect  .    (no helmet)
rElec   +          Harm     .    i - +0 cloak
rCorr   .          Rampage  .    (no gloves)
Will    .....                    (no boots)
Stlth   +++.......               (no amulet)
HPRegen 0.24/turn                (no ring)
MPRegen 0.09/turn                (no ring)

@: brilliant, attractive
A: sickness immunity, AC +3, negative energy resistance 1, electricity
resistance, torment resistance 1, petrification resistance, thin skeletal
structure 1, clever 1, deterioration 1, evolution 1
a: Renounce Religion


You were on level 1 of the Dungeon.
You worshipped Okawaru.
Okawaru was noncommittal.
You visited 2 branches of the dungeon, and saw 6 of its levels.

You collected 156 gold pieces.

Inventory:

Hand Weapons
 a - a +0 mace (weapon)
Armour
 i - a +0 cloak (worn)
 p - a +0 ring mail (worn)
Wands
 g - a wand of digging (3)
Scrolls
 c - a scroll of fog
 d - a scroll of magic mapping
 e - 2 scrolls of fear
 j - a scroll of blinking {unknown}
 k - 2 scrolls of identify {unknown}
 l - a scroll of teleportation {unknown}
 m - 2 scrolls of butterflies {unknown}
 o - 2 scrolls of immolation {unknown}
Potions
 b - a potion of mutation
 f - a potion of haste
 q - a potion of lignification {unknown}


   Skills:
 + Level 4.1 Fighting
 * Level 3.7 Maces & Flails
 - Level 1.5 Dodging
 + Level 6.0 Stealth


You had 3 spell levels left.
You didn't know any spells.
Your spell library contained the following spells:

 Spells                   Type           Power      Damage    Failure   Level
 Scorch                   Fire           0%         2d5       61%         2
 Flame Wave               Conj/Fire      0%         2d4       99%         4
 Summon Cactus Giant      Summ           Unusable   N/A       N/A         6

Dungeon Overview and Level Annotations

Branches:
Dungeon (5/15)             Temple (1/1) D:5

Altars:
Cheibriados
Elyvilon
Fedhas
Gozag
Hepliaklqana
Kikubaaqudgha
Makhleb
Nemelex Xobeh
Okawaru
Ru
Sif Muna
Trog
Uskayaw
Vehumet
Wu Jian
Yredelemnul
Zin
The Shining One

Annotations:
D:1 Robin
D:2 Jessica, Sigmund, Terence
D:5 Grinder


Innate Abilities, Weirdness & Mutations

You are immune to sickness and miasma.
Your stone body is resilient. (AC +3)
You are immune to poison.
You resist negative energy. (rN+)
You are resistant to electric shocks. (rElec)
You are resistant to unholy torment.
You are immune to petrification.
You have a somewhat thin skeletal structure. (Dex +2, Stealth+)
Your mind is acute. (Int +4, Str/Dex -1)
Your body sometimes deteriorates upon taking damage.
You have hidden genetic potential.


Message History

The grasping roots release their grip on you.
You completely miss Robin.
Robin laughs in a distinctly smug fashion.
Robin closely misses you.
You sock Robin!
Robin is heavily wounded.
Robin closely misses you.
You closely miss Robin.
Robin is heavily wounded.
Robin zaps a wand.
The roots erupt in riotous growth!
The grasping roots grab you!
Robin is unaffected.
The grasping roots constrict you.
Unknown command.
You barely miss Robin.
Robin is heavily wounded.
Robin hits you with a +0 vorpal falchion!
The grasping roots constrict you.
* * * LOW HITPOINT WARNING * * *
Robin completely misses you. The grasping roots constrict you.
You are too injured to fight recklessly!
You hit Robin.
Robin is heavily wounded.
Robin's horned helmet rattles.
Robin hits you but does no damage. The grasping roots constrict you.
* * * LOW HITPOINT WARNING * * *
The grasping roots release their grip on you.
It was a potion of mutation.
You feel extremely strange.
Your bones become slightly less dense.
You feel a hidden potential growing inside you.
You feel yourself wasting away.
You feel clever. Robin closely misses you.
It was a potion of brilliance.
You feel clever all of a sudden.
Robin hits you with a +0 vorpal falchion.
* * * LOW HITPOINT WARNING * * *
x2 It was a potion of attraction.
You feel attractive to monsters.
Robin hits you with a +0 vorpal falchion.
* * * LOW HITPOINT WARNING * * *
You die...

............###..........# #.#
.........................###.#
.....##.###########...#....#.#
....)...# #.....##.#.###
....###.# #####.##..#..#...#
....# #.### #.†)..#...#....#.#
.[..#
#...#####.##......####.#.#
#####
###........g..#........#.#
###...(.@...#######..#.##
#.#)##....#...#........
#.#.#######.#.#.#..####
#.#...........#.#..#
#.##########..#.#..#
#...............#..#
#########.#........#
#.........## ###########


You could see Robin.

Vanquished Creatures
  Natasha (D:2)
  2 adders
  2 dart slugs
  2 ball pythons
  4 endoplasms
  A giant cockroach (D:1)
  5 hobgoblins
  4 jackals (D:1)
  2 quokkas (D:1)
  4 bats
  3 frilled lizards (D:1)
  14 goblins
  7 kobolds
  3 rats (D:1)
54 creatures vanquished.

Notes
Turn   | Place    | Note
-------+----------+-------------------------------------------
     0 | D:5      | porpoise the Gargoyle Delver began the quest for the Orb.
     0 | D:5      | Reached XP level 1. HP: 14/14 MP: 1/1
     8 | D:5      | Noticed Grinder
    88 | D:5      | Found a staircase to the Ecumenical Temple.
   102 | Temple   | Entered the Ecumenical Temple
   283 | Temple   | Became a worshipper of Warmaster Okawaru
   315 | D:4      | Reached XP level 2. HP: 17/19 MP: 2/2
   438 | D:2      | Found a sacrificial altar of Ru.
   636 | D:1      | Reached XP level 3. HP: 23/23 MP: 3/3
  1423 | D:2      | Found a faded altar of an unknown god.
  1466 | D:2      | Reached XP level 4. HP: 29/29 MP: 4/4
  1609 | D:2      | Noticed Natasha
  1618 | D:2      | Killed Natasha
  1619 | D:2      | Reached skill level 6 in Stealth
  1693 | D:2      | Noticed Terence
  1699 | D:2      | Noticed Jessica
  1702 | D:2      | Noticed Sigmund
  1781 | D:2      | Noticed Robin
  1998 | D:1      | Gained mutation: You have a somewhat thin skeletal
                  | structure. (Dex +2, Stealth+) [potion of mutation]
  1998 | D:1      | Gained mutation: You have hidden genetic potential. [potion
                  | of mutation]
  1998 | D:1      | Gained mutation: Your body sometimes deteriorates upon
                  | taking damage. [potion of mutation]
  1998 | D:1      | Gained mutation: Your mind is acute. (Int +4, Str/Dex -1)
                  | [potion of mutation]
  2000 | D:1      | HP: 1/29 [Robin/+0 vorpal falchion (1)]
  2000 | D:1      | Slain by Robin

Illustrated notes

Levels and vault maps discovered:
D:1:      minmay_arrival_four_circles, layout_basic
D:2:      minmay_wonky_spiral, layout_basic, basic_altar,
          hellmonk_ecumenical_altar_crossroads, uniq_terence, uniq_robin,
          uniq_sigmund, uniq_natasha, uniq_jessica
D:3:      lemuel_castle_with_subvaults [lemuel_castle_interior_original],
          layout_loops_ring
D:4:      layout_rooms, minmay_mini_ossuary, uniq_crazy_yiuf_cottage
D:5:      layout_basic, minmay_temple_entry_statues_fountains, serial_shops,
          shop, uniq_grinder, uniq_ijyb
Temple:   regret_index_temple_mists

Skill      XL: |  1  2  3  4 |
---------------+-------------+-----
Maces & Flails | 3 |  3.7
Fighting       | 4 |  4.1
Stealth        | 6 |  6.0
Dodging        | |  1.5

Action                   |  1- 3 |  4- 6 || total
-------------------------+-------+-------++-------
Melee: Mace              |   120 |    70 ||   190
       Punch             |     2 |     1 ||     3
  Use: Potion            |       |     3 ||     3
 Stab: Sleeping          |     3 |       ||     3
       Distracted        |     1 |       ||     1
Armor: Leather armour    |     7 |       ||     7
       Ring mail         |    56 |    64 ||   120
Dodge: Dodged            |    78 |    51 ||   129

Table legend: (Time is in decaauts)
 A = Elapsed time spent in this place.
 B = Non-inter-level travel time spent in this place.
 C = Inter-level travel time spent in this place.
 D = Time resting spent in this place.
 E = Time spent auto-exploring this place.
 F = Levels seen in this place.
 G = Mean time per level.
                   A        B        C        D        E       F      G
               +--------+--------+--------+--------+--------+-----+--------+
         Total |   2127 |   2075 |     52 |    492 |    736 |   6 |  354.5 |
       Dungeon |   1861 |   1831 |     30 |    492 |    559 |   5 |  372.2 |
        Temple |    266 |    245 |     21 |      0 |    177 |   1 |  266.0 |
               +--------+--------+--------+--------+--------+-----+--------+

Top non-repeatable levels by time:
     D:1: 1124 daAuts
     D:2: 493 daAuts
  Temple: 266 daAuts
     D:5: 109 daAuts
     D:3: 91 daAuts
     D:4: 41 daAuts
